 Dungeon Crawl Stone Soup version 0.20.0 (webtiles) character file.

814 FakerFangirl the Basher (level 7, -1/60 HPs)
             Began as a Black Draconian Fighter on May 26, 2017.
             Slain by an orc
             ... wielding a +0 morningstar
              (9 damage)
             ... on level 5 of the Dungeon.
             The game lasted 00:05:09 (4070 turns).

FakerFangirl the Basher (Black Draconian Fighter)   Turns: 4070, Time: 00:05:10

Health: -1/60      AC:  7    Str: 19    XL:     7   Next: 62%
Magic:  7/7        EV: 10    Int:  8    God:
Gold:   175        SH:  9    Dex: 12    Spells: 6/6 levels left

rFire    . . .     SeeInvis +   Y - +0 flail
rCold    . . .     Gourm    .   b - +0 shield
rNeg     . . .     Faith    .   (armour unavailable)
rPois    .         Spirit   .   (helmet restricted)
rElec    +         Reflect  .   (no cloak)
rCorr    .         Harm     .   l - +0 pair of gloves
MR       .....                  (no boots)
Stlth    +.........             (no amulet)
Regen    0.2/turn               (no ring)
MPRegen  0.1/turn               (no ring)

@: no status effects
A: breathe lightning, unfitting armour, antennae 1, see invisible, electricity
resistance, cold-blooded, AC +6
a: Breathe Lightning


You were on level 5 of the Dungeon.
You were hungry.

You visited 1 branch of the dungeon, and saw 5 of its levels.

You collected 175 gold pieces.


Innate Abilities, Weirdness & Mutations

You can breathe wild blasts of lightning.
Your glossy black scales are hard. (AC +6)
You cannot fit into any form of body armour.
You are resistant to electric shocks. (rElec)
You are cold-blooded and may be slowed by cold attacks.
You have a pair of small antennae on your head.
You have supernaturally acute eyesight. (SInv)


   Skills:
 - Level 4.5 Fighting
 - Level 8.0 Maces & Flails
 - Level 2.6 Dodging
 + Level 3.8 Shields


You had 6 spell levels left.
You didn't know any spells.

Inventory:

Hand Weapons
 Y - a +0 flail (weapon)
Armour
 b - a +0 shield (worn)
 l - a +0 pair of gloves (worn)
Wands
 n - a wand of disintegration (8/24)
Scrolls
 a - a scroll of identify
 f - 3 scrolls of remove curse
Potions
 c - a potion of might
 i - a potion of flight {unknown}
 k - a potion of curing
 r - a potion of mutation
Comestibles
 d - a bread ration
 e - 3 fruits
 g - 2 meat rations
 s - a royal jelly

Dungeon Overview and Level Annotations

Branches:
Dungeon (5/15)
 Temple: D:4-7

Altars:
Ashenzari
Trog
Yredelemnul

Annotations:
D:4 2 transporters


Message History

The orc hits you with a morningstar. The orc closely misses you.
The orc barely misses you. The orc hits you with a flail.
You hit the orc.
The orc is moderately wounded.
You block the orc's attack. The orc barely misses you. x2
The orc hits you but does no damage.
You sock the orc!
You kill the orc!
The orc hits you with a morningstar. You block the orc's attack.
You barely miss the orc priest. You block the orc's attack.
You block the orc priest's attack. The orc closely misses you.
You block the orc's attack.
You closely miss the orc priest. The orc barely misses you.
The orc priest looks braver for a moment.
The orc closely misses you. The orc barely misses you.
You barely miss the orc priest. You block the orc priest's attack.
You block the orc's attack. The orc hits you with a morningstar!
You die...

.. ##..
####...
.....###
##......##.#
##oo......#.#
#@oo........#
#oo........#
#o.........#
#<..%......#
###........#
#..)....##
#.....###
#....##
#....#


You could see an orc priest and 6 orcs.

Vanquished Creatures
  A hippogriff (D:4)
  Edmund (D:4)
  A phantom (D:4)
  A hound (D:4)
  7 orc wizards
  An iguana (D:4)
  A hound zombie (D:3)
  4 gnolls (D:3)
  3 adders
  An ooze (D:2)
  A worm (D:2)
  A dart slug (D:2)
  A leopard gecko (D:2)
  15 orcs
  2 giant cockroaches
  8 goblins
  9 hobgoblins
  9 jackals
  5 quokkas
  9 bats
  6 kobolds
  8 rats
95 creatures vanquished.

Notes
Turn   | Place    | Note
-------+----------+-------------------------------------------
     0 | D:1      | FakerFangirl the Draconian Fighter began the quest for the Orb.
     0 | D:1      | Reached XP level 1. HP: 19/19 MP: 1/1
     0 | D:1      | 0 ||| counter = 36
   338 | D:1      | Reached XP level 2. HP: 26/26 MP: 2/2
   433 | D:1      | Reached skill level 3 in Maces & Flails
   700 | D:1      | 700 ||| READING scroll labeled TISHOT IBUOGG.
   701 | D:1      | 701 ||| READING scroll labeled ONGUMI COZ YRR.
   702 | D:1      | 702 ||| READING scroll labeled YMAKIR XAHU.
   703 | D:1      | 703 ||| DRINKING 2 purple potions.
   773 | D:2      | HP: 6/26 [hobgoblin/club (2)]
   778 | D:2      | HP: 5/26 [jackal (1)]
   782 | D:2      | HP: 1/26 [dart slug/slug dart (4)]
   783 | D:2      | Reached XP level 3. HP: 2/31 MP: 3/3
   829 | D:2      | HP: 6/31 [goblin/club (1)]
   845 | D:2      | HP: 1/31 [hobgoblin/club (6)]
  1369 | D:2      | Reached skill level 4 in Maces & Flails
  1564 | D:2      | Reached XP level 4. HP: 33/38 MP: 4/4
  1724 | D:2      | Found a shattered altar of Ashenzari.
  1748 | D:2      | 1748 ||| UPGRADING to pair of gloves.
  1753 | D:2      | 1753 ||| READING scroll labeled SIGOILI KOPS.
  1754 | D:2      | 1754 ||| READING scroll labeled ESIUSTRYLLO.
  1755 | D:2      | 1755 ||| READING scroll labeled WANERAM UZIXE.
  1756 | D:2      | 1756 ||| READING scroll labeled NUKID VYVEW.
  1757 | D:2      | 1757 ||| READING 4 scrolls of identify.
  1757 | D:2      | 1757 ||| IDENTIFYING lumpy jasper amulet
  1758 | D:2      | 1758 ||| DROPPING amulet of rage.
  1759 | D:2      | 1759 ||| READING 3 scrolls of identify.
  1759 | D:2      | 1759 ||| IDENTIFYING fuming ruby potion
  1760 | D:2      | 1760 ||| READING 2 scrolls of identify.
  1760 | D:2      | 1760 ||| IDENTIFYING bubbling dark potion
  1761 | D:2      | 1761 ||| DROPPING potion of lignification.
  1762 | D:2      | 1762 ||| DROPPING potion of magic.
  1822 | D:3      | 1822 ||| STAIRDANCE
  1962 | D:3      | Reached skill level 5 in Maces & Flails
  2142 | D:3      | Reached XP level 5. HP: 29/45 MP: 5/5
  2632 | D:3      | Reached skill level 6 in Maces & Flails
  2923 | D:3      | 2923 ||| READING scroll labeled NUAM CUETI.
  2924 | D:3      | 2924 ||| DRINKING 3 cyan potions.
  2928 | D:3      | 2928 ||| DROPPING 2 potions of ambrosia.
  2984 | D:4      | Noticed a phantom
  3009 | D:4      | Killed a phantom
  3009 | D:4      | Reached XP level 6. HP: 34/53 MP: 6/6
  3156 | D:4      | Found a bloodstained altar of Trog.
  3157 | D:4      | Noticed a wyvern
  3201 | D:4      | 3201 ||| DRINKING 2 potions of curing.
  3201 | D:4      | 3201 ||| (to cure confusion)
  3283 | D:4      | 3283 ||| EATING 4 fruits.
  3435 | D:4      | Noticed Edmund
  3459 | D:4      | Killed Edmund
  3459 | D:4      | Reached skill level 7 in Maces & Flails
  3459 | D:4      | Your scales start taking on a glossy black colour.
  3459 | D:4      | Reached XP level 7. HP: 26/60 MP: 7/7
  3459 | D:4      | Gained mutation: You are resistant to electric shocks. (rElec) [Black Draconian growth]
  3623 | D:4      | Found a basalt altar of Yredelemnul.
  3627 | D:4      | Noticed a hippogriff
  3640 | D:4      | Killed a hippogriff
  3780 | D:4      | Reached skill level 8 in Maces & Flails
  3999 | D:4      | 3999 ||| UPGRADING to small tourmaline ring.
  4000 | D:4      | 4000 ||| REMOVING ring of wizardry.
  4001 | D:4      | 4001 ||| DROPPING ring of wizardry.
  4002 | D:4      | 4002 ||| UPGRADING to blackened brass ring.
  4003 | D:4      | 4003 ||| REMOVING +3 ring of intelligence.
  4004 | D:4      | 4004 ||| DROPPING +3 ring of intelligence.
  4005 | D:4      | 4005 ||| READING scroll labeled BEYRAE MYDEF.
  4006 | D:4      | 4006 ||| READING scroll labeled JUIR XEZXUIKERCH.
  4007 | D:4      | 4007 ||| DRINKING 2 metallic white potions.
  4007 | D:4      | Gained mutation: You have a pair of small antennae on your head. [potion of mutation]
  4007 | D:4      | Gained mutation: You have supernaturally acute eyesight. (SInv) [potion of mutation]
  4008 | D:4      | 4008 ||| READING 2 scrolls of identify.
  4008 | D:4      | 4008 ||| IDENTIFYING blue potion
  4009 | D:4      | 4009 ||| DROPPING potion of berserk rage.
  4037 | D:5      | Entered Level 5 of the Dungeon
  4041 | D:5      | 4041 ||| Stepping ~*~*~tactically~*~*~ (outnumbered).
  4046 | D:5      | 4046 ||| Stepping ~*~*~tactically~*~*~ (outnumbered).
  4047 | D:5      | 4047 ||| Stepping ~*~*~tactically~*~*~ (outnumbered).
  4049 | D:5      | 4049 ||| Stepping ~*~*~tactically~*~*~ (outnumbered).
  4054 | D:5      | 4054 ||| Stepping ~*~*~tactically~*~*~ (outnumbered).
  4055 | D:5      | 4055 ||| Stepping ~*~*~tactically~*~*~ (outnumbered).
  4056 | D:5      | 4056 ||| Stepping ~*~*~tactically~*~*~ (outnumbered).
  4057 | D:5      | 4057 ||| Stepping ~*~*~tactically~*~*~ (outnumbered).
  4058 | D:5      | 4058 ||| Stepping ~*~*~tactically~*~*~ (outnumbered).
  4059 | D:5      | 4059 ||| Stepping ~*~*~tactically~*~*~ (outnumbered).
  4064 | D:5      | HP: 13/60 [orc (3)]
  4070 | D:5      | Slain by an orc

Vault maps used:
D:1:      co_arrival_square_in_a_square_in_a_square, kennysheep_flooded_box
D:2:      nicolae_ashenzari_panopticon
D:3:      amethyst_killhole
D:4:      lemuel_doored_altar, gammafunk_temple_overflow_arena,
          kennysheep_nondescript, uniq_edmund
D:5:      minmay_temple_entry_statues_fountains, first_bread,
          serial_corexii_hall, corexii_hall_statues_deadend,
          corexii_hall_statues_x, minmay_misc_feat_more_columns,
          roderic_lattice_a, kennysheep_another_room, minmay_misc_feat_alley,
          uniq_crazy_yiuf_cottage

Skill      XL: |  1  2  3  4  5  6  7 |
---------------+----------------------+-----
Maces & Flails | 3 4 5 6 7 8 |  8.0
Fighting       | 4 |  4.5
Dodging        | |  2.6
Shields        | |  3.8

Action                   |  1- 3 |  4- 6 |  7- 9 || total
-------------------------+-------+-------+-------++-------
Melee: Flail             |   127 |   185 |    47 ||   359
       Tailslap          |    10 |    29 |    10 ||    49
Throw: Tomahawk          |    23 |    13 |       ||    36
  Use: Scroll            |     3 |     8 |     3 ||    14
       Potion            |     1 |     2 |     1 ||     4
  Eat: Chunk             |     2 |     6 |     1 ||     9
       Fruit             |       |     1 |       ||     1
Armor: Skin              |    45 |    43 |    23 ||   111
Dodge: Dodged            |    61 |    62 |    34 ||   157
Block: Shield            |    56 |    76 |    44 ||   176
